 Dungeon Crawl Stone Soup version 0.27-a0-951-gae3e1deef5 (webtiles) character file.

Game seed: 3247699360330023731

131 polve the Cutter (level 4, -8/35 HPs)
             Began as a Demonspawn Abyssal Knight on Apr 11, 2021.
             Was a Follower of Lugonu.
             Killed by divine providence
             ... invoked by an orc priest
              (14 damage)
             ... on level 3 of the Dungeon.
             The game lasted 00:02:20 (3639 turns).

polve the Cutter (Demonspawn Abyssal Knight)        Turns: 3639, Time: 00:02:20

Health: -8/35      AC:  7    Str: 13    XL:     4   Next: 91%
Magic:  5/5        EV: 11    Int: 13    God:    Lugonu [*.....]
Gold:   98         SH:  0    Dex: 13    Spells: 3/3 levels left

rFire    + . .     SeeInvis .   a - +1 short sword
rCold    x . .     Faith    .   (no shield)
rNeg     . . .     Spirit   .   b - +0 leather armour
rPois    .         Reflect  .   d - +0 helmet
rElec    .         Harm     .   (no cloak)
rCorr    .         Rampage  .   (no gloves)
Will     .....                  c - +2 pair of boots
Stlth    ++........             (no amulet)
HPRegen  0.11/turn              g - ring of fire
MPRegen  0.09/turn              (no ring)

@: no status effects
A: demonic guardian 2
a: Renounce Religion, Depart the Abyss


You were on level 3 of the Dungeon.
You worshipped Lugonu.
Lugonu was aware of your devotion.
You visited 1 branch of the dungeon, and saw 3 of its levels.
You visited the Abyss 1 time.

You collected 98 gold pieces.

Inventory:

Hand Weapons
 a - a +1 short sword (weapon)
Armour
 b - a +0 leather armour (worn)
 c - a +2 pair of boots (worn)
 d - a +0 helmet (worn)
Jewellery
 g - a ring of fire (left hand)
Scrolls
 e - a scroll of brand weapon {unknown}
 f - 4 scrolls of identify {unknown}
 h - a scroll of amnesia {unknown}
Potions
 i - a potion of might


   Skills:
 - Level 3.0 Fighting
 + Level 3.4 Short Blades
 - Level 1.7 Armour
 - Level 0.8 Dodging
 * Level 3.3 Stealth
 - Level 2.4 Invocations


You had 3 spell levels left.
You didn't know any spells.
Your spell library contained the following spells:

 Spells                   Type           Power      Damage    Failure   Level
 Corona                   Hex            0%         N/A       36%         1
 Ensorcelled Hibernation  Hex/Ice        0%         N/A       52%         2
 Confusing Touch          Hex            0%         N/A       75%         3
 Dazzling Flash           Conj/Hex       0%         N/A       75%         3
 Tukima's Dance           Hex            0%         N/A       75%         3


Dungeon Overview and Level Annotations

Branches:
Dungeon (3/15)

Altars:


Innate Abilities, Weirdness & Mutations

A demonic guardian rushes to your aid.


Message History

You are too injured to fight recklessly!
An orc is nearby!
An orc is nearby!
An orc is nearby!
You barely miss the orc.
The orc is heavily wounded.
You hit the orc.
The orc is almost dead.
The orc hits you with a +0 flail.
An orc priest comes into view. It is wielding a +0 whip.
You closely miss the orc.
The orc is almost dead.
The orc hits you with a +0 flail.
The orc priest shouts!
You hit the orc but do no damage.
The orc is almost dead.
The orc hits you but does no damage.
You hit the orc.
You kill the orc!
Lugonu accepts your kill.
The orc priest invokes the aid of Beogh against you.
You barely resist.
An orc comes into view. It is wielding a +0 flail.
The orc priest misses you.
You see here a +0 flail.
The orc priest hits you with a +0 whip. The orc hits you with a +0 flail.
The orc priest barely misses you. The orc misses you.
There are monsters nearby!
You hit the orc priest but do no damage.
The orc priest miscasts a cantrip.
The orc hits you with a +0 flail.
You barely miss the orc priest. The orc priest hits you with a +0 whip.
The orc barely misses you.
You closely miss the orc priest. The orc priest hits you with a +0 whip!
* * * LOW HITPOINT WARNING * * *
A demonic guardian appears!
The orc hits you but does no damage.
You hit the orc priest but do no damage.
The orc priest invokes the aid of Beogh against you.
Beogh smites you!
You die...

#.#.## #.#..#
#.##.# ###
########.##.# ##..
.(.......##.# #..
########....####.#
#.##...4#.#
#.##†##.oo#####
#.##...).@....#
#.##.########..#
#.#..# #.#...
...... .##.. ..
#... ## #.


You could see an orc priest (ally target), an orc and a friendly orange demon
(summoned).

Vanquished Creatures
  A scorpion (D:3)
  An adder (D:2)
  2 orcs (D:3)
  5 endoplasms
  A giant cockroach (D:3)
  3 goblins
  6 hobgoblins
  3 quokkas
  8 ball pythons
  3 bats
  A frilled lizard (D:1)
  5 kobolds
  10 rats
49 creatures vanquished.

Vanquished Creatures (collateral kills)
  Natasha (D:2)
1 creature vanquished.

Grand Total: 50 creatures vanquished

Notes
Turn   | Place    | Note
-------+----------+-------------------------------------------
     0 | Abyss:1  | polve the Demonspawn Abyssal Knight began the quest for the
                  | Orb.
     0 | Abyss:1  | Reached XP level 1. HP: 18/18 MP: 2/2
   122 | Abyss:1  | Found a corrupted altar of Lugonu.
   227 | Abyss:1  | Noticed a small abomination
   244 | D:1      | Escaped the Abyss
   576 | D:1      | Found a faded altar of an unknown god.
   650 | D:1      | Reached * piety under Lugonu
   815 | D:1      | Gained mutation: A weak demonic guardian rushes to your
                  | aid. [demonic ancestry]
   815 | D:1      | Reached XP level 2. HP: 18/24 MP: 3/3
  1687 | D:2      | Reached skill level 1 in Stealth
  1687 | D:2      | Reached XP level 3. HP: 29/29 MP: 4/4
  2163 | D:2      | Noticed Natasha
  2186 | D:2      | Killed Natasha
  3122 | D:2      | Gained mutation: A demonic guardian rushes to your aid.
                  | [demonic ancestry]
  3122 | D:2      | Reached XP level 4. HP: 35/35 MP: 5/5
  3552 | D:3      | Noticed a scorpion
  3568 | D:3      | Killed a scorpion
  3639 | D:3      | Killed from afar by an orc priest

Illustrated notes

Levels and vault maps discovered:
D:1:      psy_arrival_terrarium, layout_loops_ring,
          hellmonk_ecumenical_altar_heavens_door, minmay_quantized
D:2:      layout_basic, kennysheep_generic_room_8, uniq_natasha
D:3:      layout_rooms, uniq_ijyb

Skill      XL: |  1  2  3  4 |
---------------+-------------+-----
Short Blades   | 2 3 |  3.4
Stealth        | 1 2 3 |  3.3
Fighting       | |  3.0
Armour         | |  1.7
Dodging        | |  0.8
Invocations    | |  2.4

Action                   |  1- 3 |  4- 6 || total
-------------------------+-------+-------++-------
Melee: Short sword       |   159 |    42 ||   201
Invok: Depart the Abyss  |     1 |       ||     1
  Use: Potion            |     7 |       ||     7
 Stab: Sleeping          |     1 |       ||     1
Armor: Leather armour    |    50 |    13 ||    63
Dodge: Dodged            |   102 |    22 ||   124

Table legend: (Time is in decaauts)
 A = Elapsed time spent in this place.
 B = Non-inter-level travel time spent in this place.
 C = Inter-level travel time spent in this place.
 D = Time resting spent in this place.
 E = Time spent auto-exploring this place.
 F = Levels seen in this place.
 G = Mean time per level.
                   A        B        C        D        E       F      G
               +--------+--------+--------+--------+--------+-----+--------+
         Total |   3633 |   3547 |     86 |      1 |   3088 |   4 |  908.2 |
       Dungeon |   3389 |   3303 |     86 |      1 |   2870 |   3 | 1129.7 |
         Abyss |    244 |    244 |      0 |      0 |    218 |   1 |  244.0 |
               +--------+--------+--------+--------+--------+-----+--------+

Top non-repeatable levels by time:
     D:2: 1551 daAuts
     D:1: 1392 daAuts
     D:3: 445 daAuts
 Abyss:1: 244 daAuts
